 Dungeon Crawl Stone Soup version 0.30-a0-1161-g0704695555 (webtiles) character file.

Game seed: 7599352198836270582

78 cheesebisquit the Firebug (level 4, -1/37 HPs)
             Began as a Draconian Fire Elementalist on Apr 27, 2023.
             Slain by Terence
             ... wielding a +2 hand axe of freezing
              (2 damage)
             ... on level 2 of the Dungeon.
             The game lasted 00:05:56 (1324 turns).

cheesebisquit the Firebug (DrFE)                    Turns: 1324, Time: 00:05:57

Health: -1/37      AC:  9    Str: 11    XL:     4   Next: 15%
Magic:  4/7        EV: 12    Int: 17    God:
Gold:   13         SH:  0    Dex: 11    Spells: 6/7 levels left

rFire   . . .        h - +0 dagger
rCold   . . .        (no shield)
rNeg    . . .        (body armour unavailable)
rPois   .            (helmet restricted)
rElec   .            (no cloak)
rCorr   .            (no gloves)
SInv    .            (no boots)
Will    .....        (no amulet)
Stlth   ++           j - +4 ring of protection
HPRegen 0.26/turn    (no ring)
MPRegen 0.10/turn

%: no passive effects
@: mighty
A: AC +5, unfitting armour, cold-blooded
a: no special abilities


You were on level 2 of the Dungeon.
You visited 1 branch of the dungeon, and saw 2 of its levels.

You collected 13 gold pieces.

Inventory:

Hand Weapons
 h - a +0 dagger (weapon)
Missiles
 f - 6 poisoned darts
Jewellery
 j - a +4 ring of protection (left hand)
Scrolls
 d - a scroll of immolation {unknown}
 e - a scroll of noise {unknown}
 g - a scroll of blinking {unknown}
 i - 2 scrolls of silence {unknown}
 k - 3 scrolls of teleportation {unknown}
Potions
 b - 2 potions of might
 c - a potion of attraction {unknown}
 l - 2 potions of brilliance {unknown}


   Skills:
 + Level 2.4 Fighting
 + Level 2.9 Dodging
 - Level 2.0 Stealth
 - Level 2.1 Spellcasting
 - Level 1.2 Conjurations
 - Level 3.1 Fire Magic


You had 6 spell levels left.
You knew the following spells:

 Your Spells              Type           Power      Damage    Failure   Level
a - Foxfire               Conj/Fire      36%        2x1d5     8%          1

Your spell library contained the following spells:

 Spells                   Type           Power      Damage    Failure   Level
 Scorch                   Fire           24%        2d6       8%          2
 Inner Flame              Hex/Fire       7%         N/A       30%         3
 Volatile Blastmotes      Fire/Tloc      14%        2d11      30%         3
 Flame Wave               Conj/Fire      9%         2d6       61%         4


Dungeon Overview and Level Annotations

Branches:
Dungeon (2/15)

Altars:

Annotations:
D:2 Terence


Innate Abilities, Weirdness & Mutations

Your plain brown scales are hard. (AC +5)
You cannot fit into any form of body armour.
You are cold-blooded and may be slowed by cold attacks.


Message History

Terence is moderately wounded.
The foxfire hits Terence but does no damage.
Terence is moderately wounded.
Terence hits you but does no damage.
Casting: Foxfire (safe; 8% risk of failure)
Press: ? - help, Q - select action, (/) - cycle Dir - look around, f - activate You conjure some foxfire!
You feel yourself speed up. Terence misses you.
Terence hits your foxfire with a +2 hand axe of freezing.
Terence freezes your foxfire.
Terence says, "Rest in peace."
Terence barely misses you. Terence completely misses your foxfire.
You barely miss Terence.
Terence is moderately wounded.
The foxfire hits Terence.
Terence is moderately wounded.
The foxfire hits Terence but does no damage.
Terence is moderately wounded.
Terence hits you but does no damage.
Casting: Foxfire (safe; 8% risk of failure)
Press: ? - help, Q - select action, (/) - cycle Dir - look around, f - activate You conjure some foxfire!
Terence hits you with a +2 hand axe of freezing.
* * * LOW HITPOINT WARNING * * *
You feel yourself slow down. Terence freezes you.
* * * LOW HITPOINT WARNING * * *
Terence barely misses your foxfire.
Your magical contamination has completely faded away.
You hit Terence but do no damage.
Terence is moderately wounded.
The foxfire hits Terence but does no damage.
Terence is moderately wounded.
The foxfire hits Terence but does no damage.
Terence is moderately wounded.
Terence misses you.
It was a potion of might.
You feel very mighty all of a sudden.
You feel yourself speed up.
Terence hits you with a +2 hand axe of freezing.
You die...

.#.###.#####†##.####..#...
#...# #...............#
#...## #.##.##.#..#..###.
#...##.##.##.##...........
#...##..†....##......#####
##...#####.#####.#..#†....#
...........# ##.#..#.....#
...........# #§..........#
..........## #.@####.....#
##(..###### #@†# .....#
#...# #... ##### #...#
.$.## #...# ..... #...#
...... #...... #.....##


You could see Terence.

Vanquished Creatures
  4 adders (D:2)
  A worm (D:2)
  2 dart slugs (D:1)
  3 endoplasms
  2 giant cockroaches
  3 goblins
  2 hobgoblins (D:1)
  2 kobolds
  3 quokkas (D:2)
  6 ball pythons
  4 bats (D:1)
  2 frilled lizards (D:1)
34 creatures vanquished.

Vanquished Creatures (collateral kills)
  A foxfire (D:2)
1 creature vanquished.

Vanquished Creatures (others)
  118 foxfires
118 creatures vanquished.

Grand Total: 153 creatures vanquished

Notes
Turn   | Place    | Note
-------+----------+-------------------------------------------
     0 | D:1      | cheesebisquit the Draconian Fire Elementalist began the
                  | quest for the Orb.
     0 | D:1      | Reached XP level 1. HP: 14/14 MP: 3/3
   217 | D:1      | Reached XP level 2. HP: 20/20 MP: 1/5
   531 | D:1      | Found a faded altar of an unknown god.
   540 | D:1      | Reached skill level 1 in Fighting
   943 | D:2      | Reached XP level 3. HP: 28/28 MP: 1/6
  1252 | D:2      | Reached XP level 4. HP: 36/36 MP: 2/7
  1303 | D:2      | Noticed Terence
  1322 | D:2      | HP: 1/37 [Terence/+2 hand axe of freezing (2)]
  1324 | D:2      | Slain by Terence

Illustrated notes

Levels and vault maps discovered:
D:1:      erik_arrival_orb_chamber, layout_loops_ring,
          shapermc_ecumenical_altar_notcrosses, minmay_splitting_lines
D:2:      layout_loops_cross, uniq_crazy_yiuf_cottage, uniq_terence

Skill      XL: |  1  2  3 |
---------------+----------+-----
Stealth        | 2 |  2.0
Dodging        | 2 |  2.9
Fighting       | 1 2 |  2.4
Spellcasting   | |  2.1
Conjurations   | |  1.2
Fire Magic     | |  3.1

Action                     |  1- 3 |  4- 6 || total
---------------------------+-------+-------++-------
  Melee: Unarmed           |    13 |       ||    13
         Dagger            |    20 |     8 ||    28
         Tailslap          |     3 |     1 ||     4
   Cast: Foxfire           |    60 |    10 ||    70
    Use: Potion            |       |     2 ||     2
 Armour: Skin              |    18 |     7 ||    25
  Dodge: Dodged            |    29 |    10 ||    39

Table legend: (Time is in decaauts)
 A = Elapsed time spent in this place.
 B = Non-inter-level travel time spent in this place.
 C = Inter-level travel time spent in this place.
 D = Time resting spent in this place.
 E = Time spent auto-exploring this place.
 F = Levels seen in this place.
 G = Mean time per level.
                   A        B        C        D        E       F      G
               +--------+--------+--------+--------+--------+-----+--------+
         Total |   1326 |   1314 |     12 |      0 |   1065 |   2 |  663.0 |
       Dungeon |   1326 |   1314 |     12 |      0 |   1065 |   2 |  663.0 |
               +--------+--------+--------+--------+--------+-----+--------+

Top non-repeatable levels by time:
     D:1: 934 daAuts
     D:2: 392 daAuts
